 Dungeon Crawl Stone Soup version 0.24.0-37-gcf1ca852f1 (webtiles) character file.

Game seed: 17480905484874142451, levelgen mode: deterministic

540 Xomen1 the Chopper (level 7, -3/61 HPs)
             Began as a Hill Orc Fighter on Nov 26, 2019.
             Was an Initiate of Okawaru.
             Slain by a kobold
             ... wielding a +2 short sword of electrocution
              (11 damage)
             ... on level 6 of the Dungeon.
             The game lasted 00:07:24 (4602 turns).

Xomen1 the Chopper (Hill Orc Fighter)               Turns: 4602, Time: 00:07:24

Health: -3/61      AC:  9    Str: 21      XL:     7   Next: 26%
Magic:  0/7        EV:  7    Int:  7 (8)  God:    Okawaru [......]
Gold:   197        SH:  9    Dex: 10      Spells: 6/6 levels left

rFire    . . .     SeeInvis .   a - +0 war axe
rCold    . . .     Gourm    .   c - +0 shield
rNeg     . . .     Faith    .   b - +0 scale mail
rPois    .         Spirit   +   (no helmet)
rElec    .         Reflect  .   v - +1 cloak
rCorr    +         Harm     .   (no gloves)
MR       .....                  (no boots)
Stlth    ..........             o - amulet of guardian spirit
HPRegen  0.20/turn              l - ring of resist corrosion
MPRegen  0.10/turn              (no ring)

@: no status effects
A: no striking features
a: Renounce Religion


You were on level 6 of the Dungeon.
You worshipped Okawaru.
Okawaru was noncommittal.
You were not hungry.

You visited 2 branches of the dungeon, and saw 7 of its levels.

You collected 197 gold pieces.

Inventory:

Hand Weapons
 a - a +0 war axe (weapon)
Armour
 b - a +0 scale mail (worn)
 c - a +0 shield (worn)
 v - a +1 cloak (worn)
Jewellery
 j - an uncursed amulet of regeneration {unknown}
 l - a ring of resist corrosion (left hand)
 o - an amulet of guardian spirit (around neck)
Scrolls
 g - a scroll of fog {unknown}
 i - 2 scrolls of fear {unknown}
 k - 6 scrolls of identify {unknown}
 n - 3 scrolls of remove curse {unknown}
 p - a scroll of amnesia {unknown}
 r - 3 scrolls of teleportation {unknown}
 s - a scroll of blinking {unknown}
 t - a scroll of enchant weapon {unknown}
 u - a scroll of enchant armour {unknown}
Potions
 d - 2 potions of might
 e - 2 potions of agility {unknown}
 h - 3 potions of degeneration
 m - a potion of cancellation {unknown}
 q - a potion of heal wounds
 x - a potion of curing
Comestibles
 f - 7 rations
 w - 5 chunks of flesh


   Skills:
 + Level 5.2 Fighting
 + Level 6.5 Axes
 + Level 5.3 Armour
 + Level 4.8 Shields


You had 6 spell levels left.
You didn't know any spells.
Your spell library was empty.

Dungeon Overview and Level Annotations

Branches:
Dungeon (6/15)             Temple (1/1) D:5

Altars:
Ashenzari
Cheibriados
Dithmenos
Elyvilon
Fedhas
Gozag
Hepliaklqana
Kikubaaqudgha
Makhleb
Okawaru
Qazlal
Ru
Sif Muna
Trog
Uskayaw
Wu Jian
Yredelemnul
Zin
The Shining One


Message History

The big kobold hits you but does no damage.
You block the big kobold's attack.
You slash the big kobold!
You kill the big kobold!
Okawaru accepts your kill.
You feel your strength returning.
You closely miss the kobold.
The kobold is moderately wounded.
The kobold hits you with a +2 short sword of electrocution.
* * * LOW HITPOINT WARNING * * *
You closely miss the kobold.
The kobold is moderately wounded.
You block the kobold's attack. The kobold barely misses you.
You completely miss the kobold.
The kobold is moderately wounded.
You block the kobold's attack.
You closely miss the kobold.
The kobold is moderately wounded.
The kobold hits you but does no damage.
You are electrocuted!
You die...

##............................
#.....................######
#.....................#
#................J..))##
#.................K.......
#...รท................##...
###..##.#.....K####### ###
##.##..###.#K# ##8## #..##.#
#.#@# 8...8#
##..#.##..#.##.....#
##.........# ...._#
#.......### ..## #.......#
##......## #.......##
#........# #......#.#


You could see 2 kobolds.

Vanquished Creatures
  A big kobold (D:6)
  A crimson imp (D:5)
  A centaur zombie (D:6)
  2 jellies
  A hound (D:4)
  An orc wizard (D:5)
  A worker ant (D:6)
  A killer bee zombie (D:5)
  6 adders
  6 gnolls
  A howler monkey skeleton (D:4)
  3 oozes
  An adder skeleton (D:5)
  3 worms (D:2)
  3 dart slugs
  5 leopard geckos
  6 orcs (D:5)
  6 giant cockroaches
  9 goblins
  8 hobgoblins
  6 bats
  4 frilled lizards
  11 kobolds
  7 rats
94 creatures vanquished.

Notes
Turn   | Place    | Note
-------+----------+-------------------------------------------
     0 | D:1      | Xomen1 the Hill Orc Fighter began the quest for the Orb.
     0 | D:1      | Reached XP level 1. HP: 19/19 MP: 1/1
   366 | D:1      | Reached XP level 2. HP: 19/27 MP: 2/2
   784 | D:1      | Reached skill level 3 in Axes
   810 | D:1      | Reached XP level 3. HP: 28/33 MP: 3/3
  1162 | D:2      | Reached XP level 4. HP: 24/40 MP: 4/4
  1456 | D:2      | Reached skill level 4 in Axes
  1890 | D:3      | Found an opulent altar of Gozag.
  1980 | D:3      | Reached XP level 5. HP: 24/47 MP: 5/5
  2514 | D:4      | Noticed a phantom
  2652 | D:4      | Found a hide-covered altar of Uskayaw.
  3019 | D:5      | Entered Level 5 of the Dungeon
  3023 | D:5      | Reached skill level 5 in Axes
  3023 | D:5      | HP: 2/47 [gnoll/cursed -2 whip (2)]
  3029 | D:5      | Reached XP level 6. HP: 23/55 MP: 0/6
  3564 | D:5      | Found a staircase to the Ecumenical Temple.
  3574 | D:5      | Reached skill level 5 in Fighting
  3580 | Temple   | Entered the Ecumenical Temple
  3697 | Temple   | Became a worshipper of Warmaster Okawaru
  4213 | D:5      | Found a white marble altar of Elyvilon.
  4449 | D:6      | Reached skill level 5 in Armour
  4465 | D:6      | Reached skill level 6 in Axes
  4563 | D:6      | Reached XP level 7. HP: 61/61 MP: 7/7
  4577 | D:6      | Found a bloodstained altar of Trog.
  4602 | D:6      | Slain by a kobold

Levels and vault maps discovered:
D:1:      giann_wishing_wells, layout_basic
D:2:      layout_loops_cross
D:3:      layout_basic, grunt_gozag_statues
D:4:      layout_loops_corners, lemuel_altar_in_water
D:5:      layout_gridville, lemuel_coloured_pillars_altar,
          minmay_temple_entry_hall, first_ration, minmay_misc_feat_hallway
D:6:      layout_rooms, nicolae_overflow_hidden_temple
Temple:   nicolae_temple_elliptical

Skill      XL: |  1  2  3  4  5  6 |
---------------+-------------------+-----
Fighting       | 4 5 |  5.2
Axes           | 3 4 5 6 |  6.5
Armour         | 4 5 |  5.3
Shields        | 4 |  4.8

Action                   |  1- 3 |  4- 6 |  7- 9 || total
-------------------------+-------+-------+-------++-------
Melee: War axe           |    98 |   253 |    28 ||   379
  Use: Potion            |       |     5 |       ||     5
       Scroll            |       |     1 |       ||     1
  Eat: Chunk             |     1 |     8 |       ||     9
       Ration            |       |     1 |       ||     1
Armor: Scale mail        |    35 |   117 |    21 ||   173
Dodge: Dodged            |    27 |    78 |     9 ||   114
Block: Shield            |    38 |   133 |    21 ||   192
